[Event "36th German Seniors-ch-65 2024"]
[Site "Bad Wildungen"]
[Date "2024.08.31"]
[Round "9.7"]
[White "Chevelevitch, Evgueni"]
[Black "Rosen, Willy"]
[Result "0-1"]
[ECO "B48"]
[WhiteElo "2334"]
[BlackElo "2091"]
[Annotator "RC"]
[PlyCount "82"]
[EventDate "2024.08.22"]
[EventType "swiss"]
[EventCountry "GER"]
[SourceTitle "playchess.com"]
[Source "ChessBase"]
[SourceQuality "1"]
[TimeControl "40/5400+30:1800+30"]

1. e4 c5 2. Nf3 Nc6 3. d4 cxd4 4. Nxd4 Nf6 5. Nc3 e6 6. a3 Qc7 7. Be2 a6 8. Be3 d6 9. f4 Bd7 10. Nb3 Na5 11. Nd2 b5 12. O-O h5 13. Kh1 Be7 14. Bf3 Rc8 15. Qe2 Nc4 16. Nxc4 Qxc4 17. Qxc4 Rxc4 18. Be2 Rxc3 19. bxc3 Nxe4 20. Bd4 Bf6 21. Bxf6 gxf6 22. c4 Nc3 23. Bd3 Bc6 24. Kg1 Rg8 25. Rf2 f5 26. cxb5 axb5 27. a4 bxa4 28. Ra3 Ne4 29. Bxe4 fxe4 30. Rd2 Ke7 31. Kf2 d5 32. Ke3 Kd6 33. c4 Rb8 34. cxd5 exd5 35. Rc3 Rb4 36. g3 f5 37. h3 Bb5 38. Rc8 Rb3+ 39. Kd4 Rb4+ 40. Ke3 Rb3+ 41. Kd4 e3 0-1

[Event "36th German Seniors-ch-65 2024"]
[Site "Bad Wildungen"]
[Date "2024.08.31"]
[Round "9.10"]
[White "Namyslo, Holger"]
[Black "Behrens, Harald"]
[Result "1-0"]
[ECO "C12"]
[WhiteElo "2140"]
[BlackElo "2206"]
[Annotator "RC"]
[PlyCount "65"]
[EventDate "2024.08.22"]
[EventType "swiss"]
[EventCountry "GER"]
[SourceTitle "playchess.com"]
[Source "ChessBase"]
[SourceQuality "1"]
[TimeControl "40/5400+30:1800+30"]

1. e4 e6 2. d4 d5 3. Nc3 Nf6 4. Bg5 Bb4 5. e5 h6 6. Bd2 Bxc3 7. bxc3 Ne4 8. Bc1 c5 9. Ne2 Qa5 10. f3 Nxc3 11. Qd2 cxd4 12. Nxd4 Qc7 13. Ba3 Qxe5+ 14. Kf2 Nc6 15. Bb5 Nxb5 16. Nxb5 Kd7 17. Rae1 Qf6 18. Rd1 d4 19. Rhe1 Rd8 20. c3 a6 21. Nxd4 Ke8 22. Qb2 Ne7 23. Qb6 Bd7 24. Qxb7 Ba4 25. Rd2 Rdb8 26. Qe4 Ra7 27. Nxe6 fxe6 28. Qxa4+ Kf7 29. Rd6 Qxc3 30. Rdxe6 Nd5 31. Qe4 Nf6 32. Rxf6+ Qxf6 33. Qd5+ 1-0

[Event "36th German Seniors-ch-65 2024"]
[Site "Bad Wildungen"]
[Date "2024.08.31"]
[Round "9.11"]
[White "Babrikowski, Peter"]
[Black "Kuhn, Gerd"]
[Result "1/2-1/2"]
[ECO "B13"]
[WhiteElo "2153"]
[BlackElo "2063"]
[Annotator "RC"]
[PlyCount "58"]
[EventDate "2024.08.22"]
[EventType "swiss"]
[EventCountry "GER"]
[SourceTitle "playchess.com"]
[Source "ChessBase"]
[SourceQuality "1"]
[TimeControl "40/5400+30:1800+30"]

1. e4 c6 2. d4 d5 3. exd5 cxd5 4. Bd3 Nc6 5. c3 Nf6 6. h3 g6 7. Nf3 Bf5 8. Bxf5 gxf5 9. Bf4 e6 10. Qb3 b6 11. Nbd2 Bd6 12. Ne5 Bxe5 13. dxe5 Nd7 14. Nf3 Qc7 15. Qa4 a6 16. Bg3 Nc5 17. Qd1 Ne4 18. Bh2 Rg8 19. O-O O-O-O 20. Nd4 Nxe5 21. Qe1 f4 22. Bxf4 Nf3+ 23. Nxf3 Qxf4 24. Qe2 Kb7 25. Nd4 Ng5 26. Kh1 e5 27. Nc2 Ne4 28. Nb4 Nc5 29. Rad1 Qe4 1/2-1/2

[Event "36th German Seniors-ch-65 2024"]
[Site "Bad Wildungen"]
[Date "2024.08.31"]
[Round "9.12"]
[White "Haubt, Georg"]
[Black "Erler, Rainer"]
[Result "0-1"]
[ECO "B13"]
[WhiteElo "2063"]
[BlackElo "2122"]
[Annotator "NA RC"]
[PlyCount "72"]
[EventDate "2024.08.22"]
[EventType "swiss"]
[EventCountry "GER"]
[SourceTitle "playchess.com"]
[Source "ChessBase"]
[SourceQuality "1"]
[TimeControl "40/5400+30:1800+30"]

1. d4 d5 2. Bf4 c5 3. e3 Nc6 4. Nc3 cxd4 5. exd4 a6 6. Nf3 Nf6 7. Ne5 e6 8. Nxc6 bxc6 9. Na4 Bd6 10. Bg5 Qa5+ 11. c3 Nd7 12. b4 Qc7 13. Be3 O-O 14. Bd3 e5 15. dxe5 Nxe5 16. Be2 f5 17. g3 Ng6 18. f4 Re8 19. Bc5 Bxf4 20. Kf2 Be5 21. Bf3 f4 22. g4 Qd8 23. Re1 Qh4+ 24. Kg1 Bxg4 25. Bxg4 f3 26. Bxf3 Bxh2+ 27. Kf1 Qh3+ 28. Bg2 Rf8+ 29. Bf2 Rxf2+ 30. Kxf2 Rf8+ 31. Ke2 Qxg2+ 32. Kd3 Rf3+ 33. Kd4 Qg4+ 34. Kc5 Qc4+ 35. Kb6 Qb5+ 36. Ka7 Rf7+ 0-1

[Event "36th German Seniors-ch-65 2024"]
[Site "Bad Wildungen"]
[Date "2024.08.31"]
[Round "9.13"]
[White "Schrems, Hermann"]
[Black "Zuehlke, Burkhard"]
[Result "1-0"]
[ECO "A49"]
[WhiteElo "2118"]
[BlackElo "1999"]
[Annotator "RC"]
[PlyCount "193"]
[EventDate "2024.08.22"]
[EventType "swiss"]
[EventCountry "GER"]
[SourceTitle "playchess.com"]
[Source "ChessBase"]
[SourceQuality "1"]
[TimeControl "40/5400+30:1800+30"]

1. d4 Nf6 2. Nf3 g6 3. g3 Bg7 4. Bg2 d6 5. O-O O-O 6. b3 c6 7. Bb2 d5 8. Nbd2 a5 9. c4 a4 10. h3 axb3 11. axb3 Rxa1 12. Qxa1 Qb6 13. e3 Na6 14. Bc3 Qc7 15. Rc1 e6 16. Ne5 Ne8 17. Nd3 Nd6 18. c5 Nb5 19. Ba5 Qe7 20. Nf3 f6 21. Bc3 Re8 22. Bb2 Qc7 23. Bf1 Qe7 24. Qa5 Qc7 25. Qxc7 Naxc7 26. Kg2 Bd7 27. Ra1 Ra8 28. Rxa8+ Nxa8 29. Nd2 Nac7 30. f4 Kf7 31. Be2 Ke7 32. Nf3 Bc8 33. g4 Bd7 34. Kg3 Bc8 35. h4 Bd7 36. g5 f5 37. Nfe5 Be8 38. Kf2 Kd8 39. Ke1 Kc8 40. Kd2 Kb8 41. Kc2 Ka7 42. Bc1 Bf8 43. Bd2 Be7 44. Ba5 Kb8 45. Nf2 Kc8 46. Nh1 Bf8 47. Ng3 Bg7 48. Nf3 Kd7 49. Nf1 Kc8 50. N1d2 Kd7 51. Nb1 Kc8 52. Bxc7 Nxc7 53. Nc3 Bf8 54. Ne5 Bg7 55. Nd3 Bf8 56. Kb2 Be7 57. Ne5 Bf8 58. Na4 Na8 59. Kc3 Be7 60. Nd3 Kc7 61. Nb4 Bd7 62. h5 Be8 63. h6 Kd7 64. Nd3 Bf6 65. Ne5+ Ke7 66. Kb4 Kd8 67. Nd3 Be7 68. Nc3 Kd7 69. Ka3 Kc7 70. b4 Kd7 71. Na4 Kc7 72. Kb3 Kd7 73. Nc1 Kc7 74. Na2 Bd7 75. N2c3 Be8 76. Nb1 Bd7 77. Na3 Kd8 78. Nc3 Nc7 79. Ka4 Kc8 80. b5 Ne8 81. b6 Kb8 82. Kb4 Kc8 83. Nab1 Kd8 84. Nd2 Bc8 85. Nf3 Bf8 86. Ne5 Ke7 87. Nb1 Kd8 88. Nd2 Ke7 89. Nb3 Nd6 90. Na5 Ne8 91. Bd3 Nd6 92. Ba6 Kd8 93. cxd6 Bxd6+ 94. Kb3 bxa6 95. Nxg6 Ke8 96. Ne5 Kf8 97. b7 1-0

[Event "36th German Seniors-ch-65 2024"]
[Site "Bad Wildungen"]
[Date "2024.08.31"]
[Round "9.14"]
[White "Matthey, Harald"]
[Black "Zimmermann, Rolf"]
[Result "1/2-1/2"]
[ECO "B18"]
[WhiteElo "2062"]
[BlackElo "2107"]
[Annotator "RC"]
[PlyCount "22"]
[EventDate "2024.08.22"]
[EventType "swiss"]
[EventCountry "GER"]
[SourceTitle "playchess.com"]
[Source "ChessBase"]
[SourceQuality "1"]
[TimeControl "40/5400+30:1800+30"]

1. e4 c6 2. d4 d5 3. Nc3 dxe4 4. Nxe4 Bf5 5. Ng3 Bg6 6. Nh3 e6 7. Nf4 Bd6 8. h4 Bxf4 9. Bxf4 h6 10. h5 Bh7 11. Bxb8 Rxb8 1/2-1/2

[Event "36th German Seniors-ch-65 2024"]
[Site "Bad Wildungen"]
[Date "2024.08.31"]
[Round "9.15"]
[White "Hassenrueck, Helmut"]
[Black "Keller, Harald"]
[Result "1-0"]
[ECO "D37"]
[WhiteElo "2136"]
[BlackElo "2022"]
[Annotator "RC"]
[PlyCount "37"]
[EventDate "2024.08.22"]
[EventType "swiss"]
[EventCountry "GER"]
[SourceTitle "playchess.com"]
[Source "ChessBase"]
[SourceQuality "1"]
[TimeControl "40/5400+30:1800+30"]

1. d4 Nf6 2. Nf3 d5 3. c4 e6 4. Nc3 Be7 5. Bf4 O-O 6. e3 b6 7. cxd5 Nxd5 8. Nxd5 Qxd5 9. Be2 Bb4+ 10. Nd2 Qxg2 11. Bf3 Bxd2+ 12. Kxd2 Qxf2+ 13. Kc3 c6 14. h4 Ba6 15. Rh2 Qf1 16. Qxf1 Bxf1 17. Rxf1 Na6 18. Be2 b5 19. Rg2 1-0

[Event "36th German Seniors-ch-65 2024"]
[Site "Bad Wildungen"]
[Date "2024.08.31"]
[Round "9.16"]
[White "Kannenberg, Karl-Heinz"]
[Black "Kroencke, Manfred"]
[Result "1/2-1/2"]
[ECO "D04"]
[WhiteElo "2121"]
[BlackElo "2008"]
[Annotator "RC"]
[PlyCount "117"]
[EventDate "2024.08.22"]
[EventType "swiss"]
[EventCountry "GER"]
[SourceTitle "playchess.com"]
[Source "ChessBase"]
[SourceQuality "1"]
[TimeControl "40/5400+30:1800+30"]

1. d4 d5 2. Nf3 Nf6 3. e3 Bg4 4. Nbd2 Nbd7 5. Be2 e6 6. c4 c6 7. b3 Bd6 8. Bb2 O-O 9. Ne5 Bxe2 10. Qxe2 Bb4 11. Nd3 Bxd2+ 12. Qxd2 Ne4 13. Qb4 b6 14. O-O c5 15. Qe1 dxc4 16. bxc4 Rc8 17. Rc1 Nd6 18. dxc5 Nxc5 19. Qc3 f6 20. Rfd1 Qc7 21. Nxc5 bxc5 22. Qc2 Rfd8 23. Bc3 Rd7 24. Qd2 Rb8 25. e4 Rb7 26. Qe2 Nf7 27. Qg4 e5 28. Qe6 Re7 29. Qg4 Nd8 30. Rd5 Ne6 31. g3 Rb8 32. f4 Nd4 33. Bxd4 cxd4 34. fxe5 fxe5 35. c5 Qc8 36. Qg5 Qe6 37. Rd6 Qf7 38. Rf1 Qe8 39. Rd5 Rb2 40. c6 Rc2 41. Rd6 d3 42. Rxd3 Rxc6 43. Rfd1 h6 44. Qg4 Qg6 45. Rd8+ Kh7 46. Qxg6+ Kxg6 47. R8d6+ Re6 48. Rxe6+ Rxe6 49. Rd5 Ra6 50. Rd2 Ra4 51. Re2 Kf6 52. Kf2 Ra3 53. Kg2 g6 54. h4 h5 55. Rc2 Ke6 56. Rc6+ Kf7 57. Rc2 Ke6 58. Rc6+ Kf7 59. Rc2 1/2-1/2

[Event "36th German Seniors-ch-65 2024"]
[Site "Bad Wildungen"]
[Date "2024.08.31"]
[Round "9.17"]
[White "Hartlieb, Juergen"]
[Black "Schulz, Michael"]
[Result "1-0"]
[ECO "A05"]
[WhiteElo "2013"]
[BlackElo "2109"]
[Annotator "NA RC"]
[PlyCount "89"]
[EventDate "2024.08.22"]
[EventType "swiss"]
[EventCountry "GER"]
[SourceTitle "playchess.com"]
[Source "ChessBase"]
[SourceQuality "1"]
[TimeControl "40/5400+30:1800+30"]

1. Nf3 Nf6 2. g3 g6 3. Bg2 Bg7 4. O-O O-O 5. d3 c5 6. e4 d5 7. e5 Nfd7 8. Bf4 Nc6 9. Re1 e6 10. c3 Qb6 11. b3 a5 12. a4 f6 13. exf6 Nxf6 14. Ng5 e5 15. Bxe5 Nxe5 16. Rxe5 h6 17. Nh3 c4 18. Nf4 Bg4 19. Qd2 Bf5 20. bxc4 dxc4 21. d4 Bxb1 22. Rb5 Qxb5 23. axb5 Bf5 24. Qe2 g5 25. Qxc4+ Kh8 26. Ne6 Rac8 27. Qb3 Bxe6 28. Qxe6 Rxc3 29. Bxb7 Re8 30. Qf5 Nh7 31. Be4 Nf8 32. Rxa5 Bxd4 33. Ra8 Rxa8 34. Bxa8 Kg7 35. Qd5 Rd3 36. Qf5 Rd2 37. Bc6 Ng6 38. Be8 Ne5 39. b6 g4 40. Kg2 Rb2 41. Qf4 Rxf2+ 42. Qxf2 Bxf2 43. Kxf2 Nd3+ 44. Ke3 Nc5 45. Kf4 1-0

[Event "36th German Seniors-ch-65 2024"]
[Site "Bad Wildungen"]
[Date "2024.08.31"]
[Round "9.18"]
[White "Krueger, Erich"]
[Black "Boeven, Manfred"]
[Result "1/2-1/2"]
[ECO "D02"]
[WhiteElo "2085"]
[BlackElo "1998"]
[Annotator "NA RC"]
[PlyCount "82"]
[EventDate "2024.08.22"]
[EventType "swiss"]
[EventCountry "GER"]
[SourceTitle "playchess.com"]
[Source "ChessBase"]
[SourceQuality "1"]
[TimeControl "40/5400+30:1800+30"]

1. d4 d5 2. c4 Bf5 3. Nf3 e6 4. Nc3 c6 5. Bf4 Bd6 6. Bxd6 Qxd6 7. e3 Nf6 8. Qb3 Nbd7 9. Be2 O-O 10. O-O Rab8 11. Rfd1 h6 12. Rac1 Ne4 13. Nxe4 Bxe4 14. Nd2 Bg6 15. cxd5 exd5 16. Bd3 Bxd3 17. Qxd3 Rfe8 18. a3 Nf6 19. b4 a6 20. Rb1 Ne4 21. a4 Ra8 22. Nxe4 dxe4 23. Qc4 Qd5 24. Qxd5 cxd5 25. Rdc1 Re7 26. Rc5 Rd7 27. Rbc1 Kf8 28. Rc8+ Rxc8 29. Rxc8+ Ke7 30. f3 exf3 31. gxf3 Kd6 32. Kf2 Rc7 33. Rxc7 Kxc7 34. Kg3 b6 35. h4 Kd6 36. Kf4 Ke6 37. e4 g6 38. Kg4 f6 39. Kf4 h5 40. Kg3 Kd6 41. Kf4 Ke6 1/2-1/2

[Event "36th German Seniors-ch-65 2024"]
[Site "Bad Wildungen"]
[Date "2024.08.31"]
[Round "9.19"]
[White "Hanisch, Friedrich"]
[Black "Dekan, Hans"]
[Result "1/2-1/2"]
[ECO "D00"]
[WhiteElo "2012"]
[BlackElo "2079"]
[Annotator "NA RC"]
[PlyCount "20"]
[EventDate "2024.08.22"]
[EventType "swiss"]
[EventCountry "GER"]
[SourceTitle "playchess.com"]
[Source "ChessBase"]
[SourceQuality "1"]
[TimeControl "40/5400+30:1800+30"]

1. d4 d5 2. Bf4 Bf5 3. e3 e6 4. Bd3 Bg6 5. Nf3 Bd6 6. Bxd6 Qxd6 7. c3 Nd7 8. O-O Ngf6 9. h3 O-O 10. Qc2 e5 1/2-1/2

[Event "36th German Seniors-ch-65 2024"]
[Site "Bad Wildungen"]
[Date "2024.08.31"]
[Round "9.20"]
[White "Lutz, Albert"]
[Black "Gollasch, Theo-Heinz"]
[Result "0-1"]
[ECO "B25"]
[WhiteElo "2070"]
[BlackElo "2006"]
[Annotator "NA RC"]
[PlyCount "76"]
[EventDate "2024.08.22"]
[EventType "swiss"]
[EventCountry "GER"]
[SourceTitle "playchess.com"]
[Source "ChessBase"]
[SourceQuality "1"]
[TimeControl "40/5400+30:1800+30"]

1. e4 c5 2. Nf3 d6 3. g3 e5 4. Bg2 Nc6 5. O-O g6 6. d3 Bg7 7. Nc3 Nge7 8. Nh4 O-O 9. f4 exf4 10. gxf4 Nd4 11. Nf3 Bg4 12. Ne2 Nxf3+ 13. Bxf3 Bxf3 14. Rxf3 f5 15. c3 Qb6 16. Kg2 d5 17. e5 Rac8 18. d4 Rfd8 19. dxc5 Qxc5 20. Be3 Qa5 21. Nd4 Qa6 22. h4 h5 23. Rg3 Kh7 24. Kh3 Rg8 25. a4 b6 26. Nb5 Rcf8 27. Qb3 Bxe5 28. fxe5 f4 29. Bxf4 Qc8+ 30. Kg2 Rxf4 31. Rf1 Rxf1 32. Kxf1 Qf5+ 33. Ke2 Rf8 34. c4 dxc4 35. Qa3 Qf1+ 36. Kd2 Rf2+ 37. Kc3 Qc1+ 38. Kd4 Rf4# 0-1

[Event "36th German Seniors-ch-65 2024"]
[Site "Bad Wildungen"]
[Date "2024.08.31"]
[Round "9.21"]
[White "Simon, Ralf-Axel"]
[Black "Ruether, Rudolf"]
[Result "0-1"]
[ECO "A13"]
[WhiteElo "2003"]
[BlackElo "2065"]
[Annotator "NA RC"]
[PlyCount "123"]
[EventDate "2024.08.22"]
[EventType "swiss"]
[EventCountry "GER"]
[SourceTitle "playchess.com"]
[Source "ChessBase"]
[SourceQuality "1"]
[TimeControl "40/5400+30:1800+30"]

1. Nf3 d5 2. e3 Nf6 3. c4 e6 4. b3 Be7 5. Bb2 O-O 6. Nc3 b6 7. cxd5 exd5 8. Rc1 Bb7 9. d4 Nbd7 10. Bd3 Re8 11. O-O c5 12. Ne2 Bd6 13. Ng3 g6 14. Qe2 Qe7 15. Ba6 Bc6 16. Bb5 Rac8 17. Rfd1 h5 18. Ba1 Bxb5 19. Qxb5 Rc7 20. dxc5 bxc5 21. Bxf6 Nxf6 22. Qd3 Rd8 23. Ne2 Qe6 24. g3 Be7 25. Kg2 Ne4 26. Nf4 Qb6 27. Nxd5 Rxd5 28. Qxd5 Nf6 29. Qc4 Qb7 30. Qe2 h4 31. Rc4 hxg3 32. hxg3 Ne4 33. Rh1 Ng5 34. e4 Ne6 35. Qe3 Bf6 36. Kg1 Rd7 37. Rc1 Qa6 38. e5 Bg7 39. a4 Rd3 40. Qe2 Ng5 41. Nxg5 Rxg3+ 42. Kf1 Qxe2+ 43. Kxe2 Rxg5 44. Rxc5 Bxe5 45. Rd1 Rf5 46. Rd8+ Kg7 47. Ra8 Rxf2+ 48. Ke3 Rf5 49. Ke4 f6 50. Rxa7+ Kh6 51. Rb7 Rf4+ 52. Ke3 Rf1 53. a5 Ra1 54. b4 g5 55. Ke4 g4 56. Rc2 g3 57. Rb6 Kg5 58. a6 Kg4 59. b5 Ra4+ 60. Kd5 Bd4 61. Rb7 Bf2 62. Rh7 0-1

[Event "36th German Seniors-ch-65 2024"]
[Site "Bad Wildungen"]
[Date "2024.08.31"]
[Round "9.22"]
[White "Eichner, Christian"]
[Black "Schmidt, Gerhard"]
[Result "1/2-1/2"]
[ECO "B51"]
[WhiteElo "1972"]
[BlackElo "2088"]
[Annotator "NA RC"]
[PlyCount "39"]
[EventDate "2024.08.22"]
[EventType "swiss"]
[EventCountry "GER"]
[SourceTitle "playchess.com"]
[Source "ChessBase"]
[SourceQuality "1"]
[TimeControl "40/5400+30:1800+30"]

1. e4 c5 2. Nf3 d6 3. Bb5+ Nd7 4. a4 Ngf6 5. Nc3 a6 6. Bc4 e6 7. O-O Qa5 8. Re1 b5 9. Bf1 b4 10. Nb1 Bb7 11. d3 Be7 12. Nbd2 O-O 13. e5 dxe5 14. Nxe5 Nxe5 15. Rxe5 Qc7 16. Nc4 Bd5 17. Bf4 Bxc4 18. Re4 Bd6 19. Bxd6 Qxd6 20. Rxc4 1/2-1/2